[Event "Late-Titled-Tuesday-Blitz-August-29-2023"]
[Site "Chess.com"]
[Date "2023.08.29"]
[Round "5"]
[White "Ncatt"]
[Black "WPWPWP-2015"]
[Result "0-1"]
[WhiteElo "2428"]
[BlackElo "2576"]
[TimeControl "180+1"]
[EndTime "14:55:21 PDT"]
[Termination "WPWPWP-2015 won by resignation"]

1. e4 c5 2. Nf3 d6 3. Bb5+ Bd7 4. Bxd7+ Qxd7 5. c4 e5 6. Nc3 Ne7 7. a3 g6 8. b4 cxb4 9. axb4 Bg7 10. d3 O-O 11.
Be3 Nbc6 12. b5 Nd4 13. Bxd4 exd4 14. Ne2 f5 15. Nexd4 fxe4 16. dxe4 Qg4 17. O-O a5 18. bxa6 bxa6 19. Re1 Kh8 20. h3 Qc8 21. Qd3 Nc6 22.
Rad1 Ne5 23. Nxe5 dxe5 24. Nf3 a5 25. Qd5 Rd8 26. Qb5 Qc7 27. Rd5 Rdb8 28. Qa4 Rb4 29. Qd1 Rb7 30. c5 h6 31. Qa1 a4 32. Nxe5 Kh7 33. c6 Rb3 34. f4 a3 35. Rd7 Qc8 36. Qd1 a2 37. Qg4 Qe8 38. c7 a1=Q 39. Rxa1 Rxa1+ 40. Kh2 Rc1 41. Rd8 Qxe5 42. c8=Q Rxc8 43. Rxc8 Qxe4 44. Rc7 Qf5 45. Qh4 Re3 46. Qd8 Qxf4+ 0-1

[Event "Late-Titled-Tuesday-Blitz-August-29-2023"]
[Site "Chess.com"]
[Date "2023.08.29"]
[Round "5"]
[White "GMMikhailKazakov"]
[Black "ferrufino64"]
[Result "1-0"]
[WhiteElo "2355"]
[BlackElo "2127"]
[TimeControl "180+1"]
[EndTime "14:55:23 PDT"]
[Termination "GMMikhailKazakov won by checkmate"]

1. d4 d5 2. c4 e6 3. Nc3 Nf6 4. e3 b6 5. Nf3 Be7 6. cxd5 exd5 7. Be2 O-O 8. O-O Re8 9. b3 Bb7 10. Bb2 Nbd7 11. Rc1 c6 12. Bd3 Bd6 13. Ne2 Nf8 14. Ne5 Rc8 15. Ng3 a6 16. Qe2 a5 17. f4 c5 18. Bb5 Re7 19. Nf5 Rec7 20. dxc5 Bxc5 21.
Rcd1 Ne4 22. h4 Ng6 23. h5 Nh4 24. Nxg7 d4 25. Qg4 Kh8 26. h6 f5 27. Nxf5 Nxf5 28.
Qxf5 Qg8 29. Rxd4 Ng3 30. Qf6+ Rg7 31. hxg7+ Qxg7 32. Qxg7+ Kxg7 33. Rd7+ Kg8 34. Bd4 Ne2+ 35. Kf2 Bxd4 36. exd4 Nc3 37. Rxb7 Nxb5 38. Rd1 Nc3 39.
Rd3 Ne4+ 40. Ke3 Nd6 41. Rxb6 Nf5+ 42. Ke4 Nd6+ 43. Rxd6 Rc1 44. Rg3+ Kf8 45. Rd7 Re1+ 46. Kd5 Rc1 47. Rgg7 Rc8 48. Ke4 Ke8 49. Rdf7 Rc2 50.
Rg8# 1-0

[Event "Late-Titled-Tuesday-Blitz-August-29-2023"]
[Site "Chess.com"]
[Date "2023.08.29"]
[Round "5"]
[White "sergiochess83"]
[Black "Fh2411"]
[Result "1-0"]
[WhiteElo "2939"]
[BlackElo "2632"]
[TimeControl "180+1"]
[EndTime "14:55:24 PDT"]
[Termination "sergiochess83 won on time"]

1. d4 Nf6 2. c4 e6 3. g3 Bb4+ 4.
Nd2 O-O 5. Bg2 Re8 6. Nf3 d5 7. O-O Bf8 8. b3 b6 9. cxd5 exd5 10. Bb2 Bb7 11. Rc1 a6 12. Ne5 Bd6 13. Ndc4 Ne4 14.
Nxd6 cxd6 15. Nd3 Nd7 16. f3 Nef6 17. Qd2 b5 18. Bh3 Qb6 19. Kh1 Rac8 20. g4 h6 21. Rg1 g5 22. Bg2 Nf8 23. h4 Ne6 24. hxg5 hxg5 25.
Kh2 Kg7 26. Kg3 Rh8 27. Rxc8 Bxc8 28. Rc1 Qd8 29. e3 Bb7 30. Bc3 Rh4 31. Bb4 Ne8 32. Rh1 Rxh1 33. Bxh1 Qf6 34. Qh2 Qg6 35. Qd2 Qh7 36. Kg2 Nf8 37. Kg1 Ng6 38. Bg2 Nh4 39. Ba5 Qg6 40. Bd8 Nf6 41. Kf2 Nh7 42. Kg3 Nf8 43.
f4 1-0

[Event "Late-Titled-Tuesday-Blitz-August-29-2023"]
[Site "Chess.com"]
[Date "2023.08.29"]
[Round "5"]
[White "IlanSchnaider"]
[Black "Petukhov_Dmitry"]
[Result "1-0"]
[WhiteElo "2702"]
[BlackElo "2524"]
[TimeControl "180+1"]
[EndTime "14:55:24 PDT"]
[Termination "IlanSchnaider won on time"]

1. e4 c5 2. Nf3 d6 3. Bb5+ Nc6 4.
O-O Bd7 5. Re1 a6 6. Bf1 e5 7.
c3 Nf6 8. d4 Qc7 9. Bg5 Be7 10.
Na3 h6 11. Bxf6 Bxf6 12. Nc4 O-O 13. Ne3 Ne7 14. Rc1 Bc6 15. Bd3 Rfe8 16. dxc5 dxc5 17. Nd2 Rad8 18. Qe2 Bg5 19. Nf3 Ng6 20. g3 Bxe3 21.
Qxe3 Nf4 22. gxf4 exf4 23. Qe2 f5 24. e5 Re6 25. Bxf5 Re7 26. Nh4 Rf8 27. Qc4+ Ref7 28. Bg6 Qe7 29. Bxf7+ Rxf7 30. Ng2 f3 31. Ne3 Qg5+ 32.
Qg4 Qxe5 33. Nf1 Qf6 34. Ng3 Qd6 35. Rcd1 Qf6 36. h4 g6 37. h5 Rg7 38. Qc4+ Kh7 39. Qd3 Kg8 40. Re4 gxh5 41. Kf1 c4 42. Qd8+ Kh7 43. Qxf6 1-0

[Event "Late-Titled-Tuesday-Blitz-August-29-2023"]
[Site "Chess.com"]
[Date "2023.08.29"]
[Round "5"]
[White "superfast64"]
[Black "Nf3c5"]
[Result "1-0"]
[WhiteElo "2472"]
[BlackElo "2601"]
[TimeControl "180+1"]
[EndTime "14:55:24 PDT"]
[Termination "superfast64 won on time"]

1. d4 Nf6 2. Bf4 g6 3. e3 d6 4. c3 Bg7 5. Nf3 Nh5 6. Bg5 h6 7. Bh4 g5 8. Bg3 e6 9. Bd3 f5 10. Nfd2 Nxg3 11. hxg3 Qf6 12. Qh5+ Qf7 13. Na3 Qxh5 14.
Rxh5 Nd7 15. Nb5 Kd8 16. Ke2 Nf6 17. Rhh1 Bd7 18. Na3 a6 19. e4 Ke7 20. exf5 exf5 21. Rae1 Rae8 22. f3 Kd8+ 23. Kf2 Rxe1 24. Rxe1 h5 25.
Nac4 h4 26. gxh4 Rxh4 27. Ne3 f4 28. Nf5 Bxf5 29. Bxf5 Nd5 30. Be4 Ne3 31. Bxb7 Rh2 32. Rg1 a5 33. Nf1 Nxf1 34. Rxf1 c5 35. dxc5 dxc5 36.
Rd1+ Kc7 37. Ba6 a4 38. Bb5 a3 39. Rb1 axb2 40. Rxb2 Bxc3 41. Rc2 Bd4+ 42. Kf1 Rh1+ 43. Ke2 Rb1 44. a4 Kb6 45. Kd3 Ka5 46. Kc4 Rb4+ 47. Kd5 Rb1 48. Re2 Rg1 49. Kc4 Rc1+ 50. Kd5 Kb4 51. Bc6 Be3 52. Rb2+ Ka3 53. Re2 c4 54.
a5 Kb4 55. a6 Ra1 56. Bb7 c3 57. Ke4 Bd2 58. Kd3 Ra2 59. Re6 1-0

[Event "Late-Titled-Tuesday-Blitz-August-29-2023"]
[Site "Chess.com"]
[Date "2023.08.29"]
[Round "5"]
[White "eldur16"]
[Black "tptagain"]
[Result "0-1"]
[WhiteElo "2626"]
[BlackElo "2891"]
[TimeControl "180+1"]
[EndTime "14:55:26 PDT"]
[Termination "tptagain won by resignation"]

1. e4 c6 2. d3 d5 3. Nf3 g6 4.
Be2 Bg7 5. O-O c5 6. exd5 Qxd5 7. Nc3 Qd8 8. Be3 Nd7 9. d4 cxd4 10. Nxd4 Ngf6 11. Bf3 Ne5 12. Re1 O-O 13. Ndb5 Qxd1 14.
Bxd1 Nc4 15. Nc7 Nxe3 16. Nxa8 Nc4 17. Be2 Nxb2 18. Rab1 Bf5 19. Rxb2 Ne4 20. Nxe4 Bxb2 21. Ng3 Rxa8 22. Nxf5 gxf5 23. Rb1 Bd4 24. Rxb7 Kf8 25.
Bd3 e6 26. Kf1 Rc8 27. a4 e5 28. Bxf5 Rc4 29. Be4 Rxa4 30. Bd5 f5 31. Rf7+ Ke8 32. Rxf5 Ra1+ 33. Ke2 a5 34. f4 a4 35. fxe5 a3 36. e6 a2 37. Rf7 Re1+ 38. Kxe1 a1=Q+ 39. Ke2 Qa6+ 40. c4 Bc5 41. Rxh7 Qa2+ 42. Kf3 Qf2+ 43. Kg4 Qe2+ 44. Kh4 Qe5 45. Bc6+ Kd8 46. Rd7+ Kc8 47. Bb7+ Kb8 48. Bd5 Qxh2+ 49. Kg4 Qe5 50. Kf3 Qf5+ 51.
Kg3 Bf2+ 0-1

[Event "Late-Titled-Tuesday-Blitz-August-29-2023"]
[Site "Chess.com"]
[Date "2023.08.29"]
[Round "5"]
[White "korason34"]
[Black "ChEsper99"]
[Result "1/2-1/2"]
[WhiteElo "2660"]
[BlackElo "2169"]
[TimeControl "180+1"]
[EndTime "14:55:26 PDT"]
[Termination "Game drawn by repetition"]

1. c4 c6 2. e4 d5 3. exd5 cxd5 4. d4 Nf6 5. Nc3 g6 6. Nf3 Bg7 7. Bg5 Ne4 8. cxd5 Nxg5 9. Nxg5 O-O 10. h4 Qb6 11.
Qd2 Qxd4 12. Bd3 Nd7 13. Nf3 Qb6 14. h5 Nf6 15. hxg6 hxg6 16. O-O e6 17. dxe6 Bxe6 18. Ng5 Rad8 19. Nxe6 Qxe6 20. Rad1 Nd5 21. Nxd5 Qxd5 22. b3 Rd6 23. Qc2 Rfd8 24. Rfe1 Qc6 25. Bc4 Rxd1 26.
Rxd1 Rxd1+ 27. Qxd1 Bf6 28. Qd3 Kg7 29. g3 Qc5 30. Qd7 Qe7 31. Qd5 Be5 32. Kg2 Bd6 33. a4 Bc5 34. a5 b6 35. a6 Qf6 36. Qf3 Qxf3+ 37. Kxf3 Kf6 38. Ke4 Ke7 39. f4 f6 40. Kd5 Kd7 41. Bb5+ Kc7 42. Ke6 Bd4 43.
g4 g5 44. f5 Be5 45. Kd5 Bb2 46. Bc4 Be5 47. b4 Bb2 48. b5 Be5 49. Ke6 Bb2 50. Bd5 Be5 51. Bc6 Bb2 52. Ke7 Be5 53. Ke8 Bb2 54.
Ke7 Be5 55. Ke6 Bb2 56. Kd5 Be5 57. Kc4 Bb2 58. Kb3 Be5 59. Kc2 Bd4 60. Kd3 Be5 61. Kc4 Ba1 62. Kb3 Be5 63. Kc2 Ba1 64. Bd5 Be5 65. Kb1 Bd6 66. Be6 Be5 67. Bd5 Bd6 68. Kc2 Be5 69. Kd3 Bd6 70. Ke4 Be5 71. Bc6 Ba1 72. Kd5 Be5 73. Ke6 1/2-1/2

[Event "Late-Titled-Tuesday-Blitz-August-29-2023"]
[Site "Chess.com"]
[Date "2023.08.29"]
[Round "5"]
[White "Cambek64"]
[Black "AlexOstrovskiy"]
[Result "1-0"]
[WhiteElo "2492"]
[BlackElo "2644"]
[TimeControl "180+1"]
[EndTime "14:55:28 PDT"]
[Termination "Cambek64 won by resignation"]

1. e4 d5 2. Nc3 dxe4 3. Nxe4 Nf6 4. Ng3 h5 5. h3 h4 6. N3e2 c5 7. d4 Nc6 8. Nf3 e6 9. c3 Qb6 10. Qb3 Ne4 11. Be3 Bd7 12. O-O-O Qxb3 13. axb3 O-O-O 14. Ng5 Nxg5 15. Bxg5 f6 16. Be3 cxd4 17. Nxd4 Nxd4 18. Bxd4 b6 19. Ba6+ Kc7 20. Be3 Be7 21. b4 Bc6 22. f3 Bd5 23. Kc2 Bd6 24. Bd3 g5 25. Rd2 Bf4 26. Re1 e5 27. Be4 Bc4 28. Bd3 Be6 29.
b5 Rd7 30. c4 Rhd8 31. Bxf4 gxf4 32. b3 Rd4 33. Ree2 Kd6 34. Kc3 Ke7 35. Bc2 Rxd2 36. Rxd2 Rxd2 37. Kxd2 Kd6 38. Kc3 Bd7 39. b4 Bc8 40.
Be4 Be6 41. Bd3 Bc8 42. Be4 Be6 43. Bd3 Bd7 44. Be4 Bc8 45. Bd3 a6 46. bxa6 Bxa6 47.
c5+ bxc5 48. Bxa6 cxb4+ 49. Kxb4 Kd5 50. Kc3 f5 51. Bb7+ Kc5 52. Kd3 Kd6 53. Bc8 Kd5 54.
Bxf5 1-0

[Event "Late-Titled-Tuesday-Blitz-August-29-2023"]
[Site "Chess.com"]
[Date "2023.08.29"]
[Round "5"]
[White "karinachess1"]
[Black "ckgchess"]
[Result "1-0"]
[WhiteElo "2610"]
[BlackElo "2873"]
[TimeControl "180+1"]
[EndTime "14:55:30 PDT"]
[Termination "karinachess1 won on time"]

1. d4 Nf6 2. c4 g6 3. Nf3 Bg7 4. g3 O-O 5. Bg2 c5 6. O-O cxd4 7. Nxd4 Nc6 8. Nc2 b6 9. Nc3 Bb7 10.
b3 Rc8 11. Bb2 Qc7 12. Rc1 Qb8 13. Ne3 Rfd8 14. Qd2 d6 15. Ncd5 Nxd5 16. cxd5 Bxb2 17. Qxb2 Ne5 18. f4 Nd7 19. Ng4 f6 20. e4 Rxc1 21.
Rxc1 Rc8 22. Bh3 Rxc1+ 23. Qxc1 Nc5 24. Nf2 a5 25. Qe3 Bc8 26. Bg2 Qc7 27. h4 Nd7 28. Qd2 Qc5 29. Kh2 Nf8 30. Nd1 Ba6 31. Qc3 Nd7 32. Qd2 Kf7 33. Ne3 Nf8 34. Bh3 Bc8 35.
Bxc8 Qxc8 36. Nc4 Qc5 37. Ne3 Nd7 38. Kg2 Qc7 39. Qe2 Nc5 40. Nc2 b5 41. Nd4 b4 42.
Nc6 Qd7 43. Nxa5 Qa7 44. Nc6 Qa3 45. e5 dxe5 46. fxe5 Qc1 47. d6 Ne6 48. Nxe7 Nd4 49. Qf2 1-0

[Event "Late-Titled-Tuesday-Blitz-August-29-2023"]
[Site "Chess.com"]
[Date "2023.08.29"]
[Round "5"]
[White "Dontmesswithme_2"]
[Black "WildBizon"]
[Result "0-1"]
[WhiteElo "2484"]
[BlackElo "2705"]
[TimeControl "180+1"]
[EndTime "14:55:32 PDT"]
[Termination "WildBizon won by resignation"]

1. d4 e6 2. c4 c6 3. Nf3 g6 4. e4 Bg7 5. Nc3 d6 6. Be2 h6 7. O-O Ne7 8. Be3 a6 9. a4 a5 10. c5 d5 11. e5 b6 12. cxb6 Qxb6 13. Qd2 Nf5 14. Rfc1 O-O 15. Bf4 Na6 16. g4 Ne7 17.
Bxh6 Nb4 18. Kg2 f6 19. exf6 Rxf6 20. Bxg7 Kxg7 21. Ne5 Ng8 22. h4 Qd8 23. h5 gxh5 24. Qg5+ Kf8 25. Qxh5 Qe8 26. Qh4 Ra7 27. g5 Rg7 28. Bh5 Qe7 29. Rg1 Nc2 30. Rad1 Rf5 31. Ng6+ Rxg6 32. Bxg6 Rxg5+ 33. Kh3 Rxg1 34. Qxe7+ Nxe7 35. Rxg1 e5+ 36. Kh2 exd4 37. Bxc2 dxc3 38. bxc3 Ba6 39.
Kg3 Kf7 40. Kf4 Ke6 41. Re1+ Kd6 42. Ke3 c5 43. Bd3 Bc8 44. Bb5 Ng6 45. Bd3 Ne5 46.
f4 Nc6 47. Rh1 c4 48. Rh6+ Kc5 49. Bc2 Ne7 50. Rf6 Bd7 51. Rf7 Kd6 52. f5 Be8 53.
Rf8 Bd7 54. Kf4 Nc6 55. f6 d4 56. cxd4 Nxd4 57. Be4 Ne6+ 58. Ke3 Nxf8 0-1

[Event "Late-Titled-Tuesday-Blitz-August-29-2023"]
[Site "Chess.com"]
[Date "2023.08.29"]
[Round "5"]
[White "Kostukov_Alex"]
[Black "ftorodent"]
[Result "1-0"]
[WhiteElo "2428"]
[BlackElo "2655"]
[TimeControl "180+1"]
[EndTime "14:55:33 PDT"]
[Termination "Kostukov_Alex won by resignation"]

1. g3 d5 2. Bg2 c6 3. d3 Nf6 4. e4 dxe4 5. dxe4 Qxd1+ 6. Kxd1 e5 7. f3 Bc5 8. Nd2 Be6 9. Bh3 Bxh3 10. Nxh3 Nbd7 11.
a4 a5 12. Ke2 Ke7 13. Nc4 Rhd8 14. Rd1 Ne8 15. Bd2 b6 16. Be3 Bxe3 17. Kxe3 f6 18. Rxd7+ Rxd7 19. Nxb6 Rb8 20. Nxd7 Kxd7 21. b3 c5 22. Nf2 c4 23. bxc4 Kc6 24. Nd3 Nd6 25. c5 Nc4+ 26. Ke2 g6 27. f4 exf4 28. gxf4 Re8 29.
Nf2 Rd8 30. Nd3 Re8 31. Nf2 Kxc5 32. Rb1 f5 33. Rb5+ Kd4 34. e5 Kc3 35. Rc5 Kb4 36.
Nd3+ Kc3 37. Rc7 g5 38. fxg5 Kd4 39. Rd7+ Ke4 40. Rxh7 Nxe5 41. Nxe5 Rxe5 42. h4 f4 43. Kf2 Rc5 44. Re7+ Kf5 45. Re2 Rc3 46. Rd2 Rh3 47.
Rd5+ Kg4 48. Rxa5 Rh2+ 49. Kg1 Rxc2 50. g6 Kf3 51. Rg5 Rc1+ 52. Kh2 Rc2+ 53. Kh1 Rc1+ 54. Rg1 Rxg1+ 55. Kxg1 Ke2 56. g7 f3 57. g8=Q f2+ 58. Kh2 1-0

[Event "Late-Titled-Tuesday-Blitz-August-29-2023"]
[Site "Chess.com"]
[Date "2023.08.29"]
[Round "5"]
[White "scandalgod"]
[Black "IMRosen"]
[Result "1-0"]
[WhiteElo "2481"]
[BlackElo "2607"]
[TimeControl "180+1"]
[EndTime "14:55:33 PDT"]
[Termination "scandalgod won by checkmate"]

1. d4 d5 2. c4 e6 3. Nf3 Nf6 4. g3 dxc4 5. Bg2 Bb4+ 6. Bd2 c5 7. O-O O-O 8. dxc5 Bxc5 9. Qc2 Nbd7 10. Qxc4 b5 11. Qh4 Bb7 12. Nc3 Qb6 13. a4 a6 14.
a5 Qa7 15. Rac1 Rfd8 16. b4 Be7 17. Be3 Qb8 18. Rfd1 Nf8 19. Bc5 Ng6 20. Qg5 h6 21. Qe3 Nd5 22. Nxd5 Rxd5 23. Nd4 Rd7 24. Nc6 Qe8 25.
Nxe7+ Nxe7 26. Rxd7 Qxd7 27. Bxb7 Qxb7 28. Bb6 Nd5 29. Qf3 Rc8 30. Rxc8+ Qxc8 31. Bc5 Qc6 32. Kg2 f6 33. Kg1 Qd7 34. Qd3 Kf7 35. h4 h5 36. Qf3 g6 37. Qd3 Kg7 38. Qd4 e5 39. Qd3 Kf7 40. Qb3 Qe6 41. Qd3 f5 42. e4 fxe4 43.
Qxe4 Ne7 44. Qb7 e4 45. Bxe7 Qxe7 46. Qxa6 Qxb4 47. Qb7+ Ke6 48. a6 Qe1+ 49. Kg2 Qe2 50. Qb6+ Kf5 51. a7 Qf3+ 52. Kg1 Kg4 53. Qe3 Qd1+ 54.
Kg2 Qa1 55. Qxe4# 1-0

[Event "Late-Titled-Tuesday-Blitz-August-29-2023"]
[Site "Chess.com"]
[Date "2023.08.29"]
[Round "5"]
[White "Mops_2004"]
[Black "KrokerGuy"]
[Result "1-0"]
[WhiteElo "2765"]
[BlackElo "2495"]
[TimeControl "180+1"]
[EndTime "14:55:34 PDT"]
[Termination "Mops_2004 won on time"]

1. Nf3 Nf6 2. g3 d5 3. Bg2 Bg4 4. h3 Bxf3 5. Bxf3 e5 6. d3 Be7 7.
O-O O-O 8. Nc3 Nc6 9. e4 dxe4 10.
Nxe4 Nxe4 11. dxe4 Qxd1 12. Bxd1 Bc5 13. c3 Kh8 14.
Kg2 f5 15. exf5 Rxf5 16. Bc2 Rf7 17. Be4 Raf8 18. Be3 Bxe3 19. fxe3 Rxf1 20. Rxf1 Rxf1 21. Kxf1 Nd8 22. Ke2 g6 23. Kd3 Kg7 24. Kc4 Kf6 25. b4 Ke6 26. Kc5 a6 27. a4 b6+ 28. Kc4 Kd6 29.
h4 c6 30. a5 b5+ 31. Kd3 Ne6 32. Bg2 Nc7 33. Bh3 c5 34. e4 cxb4 35. cxb4 Ne6 36.
Kd2 Nc7 37. Bc8 Kc6 38. Ke3 Kd6 39. Kf3 Ke7 40. g4 Kf6 41. g5+ Ke7 42. Kg4 Kd6 43.
h5 Ke7 44. Kh4 Kf7 45. Kg4 Ke7 46. Kg3 Kf7 47. Kf3 Ke7 48. Bg4 Ne6 49. Ke3 Nxg5 50.
hxg6 hxg6 51. Bc8 1-0

[Event "Late-Titled-Tuesday-Blitz-August-29-2023"]
[Site "Chess.com"]
[Date "2023.08.29"]
[Round "5"]
[White "JosephRyan"]
[Black "NovikovaGalina"]
[Result "0-1"]
[WhiteElo "2343"]
[BlackElo "2408"]
[TimeControl "180+1"]
[EndTime "14:55:36 PDT"]
[Termination "NovikovaGalina won on time"]

1. e4 e6 2. d4 d5 3. e5 c5 4. c3 Nc6 5. Nf3 Bd7 6. a3 Qc7 7. b4 c4 8. Bf4 f6 9. Nbd2 h6 10.
Bg3 f5 11. h4 O-O-O 12. h5 Nge7 13. Bf4 Kb8 14. g3 Nc8 15. a4 Be8 16. a5 g5 17.
hxg6 Bxg6 18. Qa4 Be8 19. b5 N6e7 20. b6 Qc6 21. Qxc6 Bxc6 22. bxa7+ Nxa7 23. Be2 Nb5 24. Nb1 Ng6 25. Bd2 Kc7 26. Bc1 Be7 27. Kd2 f4 28. g4 Bg5 29. Na3 Ra8 30. Nxb5+ Bxb5 31. Ba3 Rxa5 32. Bd6+ Kb6 33. Bc5+ Ka6 34. Rxa5+ Kxa5 35. Rb1 Be7 36. Bxe7 Nxe7 37. Bd1 Rg8 38. Nh4 Ng6 39. Nxg6 Rxg6 40. Ra1+ Kb6 41. Ra8 Bc6 42. Rh8 Kc7 43.
Rh7+ Kb6 44. Ke1 Ka6 45. f3 b5 46. Bc2 Rg8 47. Rxh6 Re8 48. g5 b4 49. cxb4 Kb5 50. Kd2 Kxb4 51. g6 c3+ 52. Ke2 Bb5+ 53. Bd3 c2 54. Rh1 Bxd3+ 55. Kxd3 Kb3 56. g7 Rg8 57. Rg1 Kb2 58. Kd2 Rxg7 59. Rc1 Rg2+ 0-1

[Event "Late-Titled-Tuesday-Blitz-August-29-2023"]
[Site "Chess.com"]
[Date "2023.08.29"]
[Round "5"]
[White "GMKrikor"]
[Black "SaqoChess_Twitch"]
[Result "1-0"]
[WhiteElo "2885"]
[BlackElo "2628"]
[TimeControl "180+1"]
[EndTime "14:55:37 PDT"]
[Termination "GMKrikor won by resignation"]

1. Nf3 d5 2. c4 e6 3. d4 Nf6 4.
cxd5 exd5 5. Nc3 h6 6. Bf4 a6 7. e3 Bd6 8. Bxd6 Qxd6 9. Bd3 O-O 10. O-O Nc6 11. h3 Ne7 12. Rc1 Bf5 13. Bxf5 Nxf5 14. Qb3 c6 15. Ne5 Rab8 16. Qc2 Ne7 17. a3 Nd7 18.
Nd3 Ng6 19. b4 f5 20. Ne2 Nf6 21. Ndf4 Nxf4 22. Nxf4 Ne4 23. f3 Ng5 24. Rfe1 Ne6 25. Nd3 f4 26. Qd2 fxe3 27. Qxe3 Rbe8 28. Ne5 Rf5 29. Ng4 Rff8 30. Qd2 Nf4 31. Rxe8 Rxe8 32. Ne5 Qf6 33. Kh2 Nh5 34. Re1 Qh4 35. Kg1 Qg3 36. Qf2 Qg5 37. Ng4 Rxe1+ 38. Qxe1 Kh7 39. Qe3 Qxe3+ 40. Nxe3 Nf6 41. Kf2 g6 42. a4 Kg7 43.
a5 h5 44. Nc2 Nd7 45. h4 Kf6 46.
Ne1 Nf8 47. Nd3 Ne6 48. Ke3 g5 49. hxg5+ Kxg5 50. Nc5 Nd8 51. g3 Kf5 52. Kf2 Kg5 53.
Kg2 Nf7 54. Nxb7 Nd6 55. Nxd6 Kf6 56. Nb7 Ke7 57. Nc5 Kd6 58. Nxa6 Kd7 59. Nc5+ Kc7 60.
Kh3 Kb8 61. Kh4 Ka7 62. Kxh5 Kb8 63. g4 Ka7 64. g5 Kb8 65. g6 Ka7 66. g7 Ka8 67.
g8=Q+ Ka7 68. Qf7+ 1-0

[Event "Late-Titled-Tuesday-Blitz-August-29-2023"]
[Site "Chess.com"]
[Date "2023.08.29"]
[Round "5"]
[White "HansOnTwitch"]
[Black "artin10862"]
[Result "0-1"]
[WhiteElo "3000"]
[BlackElo "2856"]
[TimeControl "180+1"]
[EndTime "14:55:38 PDT"]
[Termination "artin10862 won by resignation"]

1. e4 c5 2. Nf3 d6 3. d4 cxd4 4. Nxd4 Nf6 5. Nc3 a6 6. h3 e5 7. Nb3 Be7 8. g4 h6 9. Be3 b5 10. a4 b4 11. Nd5 Bb7 12. Bb6 Qc8 13. Nc7+ Kf8 14. Nxa8 Bxe4 15. Rg1 Bxa8 16. Bg2 Bxg2 17. Rxg2 Qc6 18. Rg3 Qxb6 19. Qe2 Nc6 20. a5 Qb7 21. O-O-O g6 22. h4 Kg7 23. g5 hxg5 24. hxg5 Nh5 25. Rg4 Nf4 26. Qe4 Qb5 27. Kb1 d5 28. Qe1 Qc4 29.
Nd4 Bd6 30. Nf3 Bc7 31. Rh4 Ng2 32. Rxc4 Nxe1 33. Rxc6 Nxf3 34. Rxc7 d4 35. Rc6 e4 36. Rc4 Rh2 37. Rcxd4 Nxd4 38. Rxd4 Rxf2 39. Rxe4 Rf5 40. Rxb4 Rxg5 41. Ra4 Re5 42. b4 g5 43. c4 g4 44.
Ra3 f5 45. b5 f4 46. b6 g3 47. b7 Re8 48. Kc2 g2 49. Ra1 f3 50. Rg1 Kf6 51. Rb1 f2 52. b8=Q Rxb8 53. Rxb8 f1=Q 0-1

[Event "Late-Titled-Tuesday-Blitz-August-29-2023"]
[Site "Chess.com"]
[Date "2023.08.29"]
[Round "5"]
[White "mishanick"]
[Black "Eternauta2400"]
[Result "1-0"]
[WhiteElo "3131"]
[BlackElo "2841"]
[TimeControl "180+1"]
[EndTime "14:55:39 PDT"]
[Termination "mishanick won on time"]

1. d4 Nf6 2. c4 e6 3. Nc3 Bb4 4. e3 d5 5. Bd3 e5 6. cxd5 Qxd5 7. dxe5 Bxc3+ 8. bxc3 Qxe5 9. Qc2 Nc6 10. Nf3 Qh5 11. O-O Bg4 12. Nd4 O-O 13. Nxc6 bxc6 14. f3 Be6 15. e4 c5 16. Be3 c4 17. Be2 Rfd8 18. Rfd1 Qa5 19. Rxd8+ Rxd8 20. Rb1 h6 21. Rb7 c5 22. Qb2 Nd7 23. h3 Nb6 24. Kf2 Rc8 25. Bf4 Qa6 26. Rc7 Rxc7 27. Bxc7 Qb7 28. Bf4 Qa6 29. h4 Qa5 30. Bc7 Qa6 31. Qd2 Na4 32. g4 Qc8 33. Be5 f6 34. Bf4 Bf7 35. Bd1 Nb6 36. Qd6 Be6 37. g5 hxg5 38. hxg5 fxg5 39.
Bxg5 Qe8 40. Qxc5 Qh5 41. Qe5 Bf7 42. Qg3 Nd7 43. Be3 Ne5 44. Bd4 Nd3+ 45. Kg1 Qh6 46. Be2 Bg6 47. Bf1 Kh7 48. e5 Qh5 49. e6 Qf5 50. e7 Qe6 51. Qh3+ Qxh3 52. Bxh3 Be8 53. Be6 Nb2 54. Bxa7 Kg6 55. Bd4 1-0

[Event "Late-Titled-Tuesday-Blitz-August-29-2023"]
[Site "Chess.com"]
[Date "2023.08.29"]
[Round "5"]
[White "Witik"]
[Black "pedromartinez91"]
[Result "0-1"]
[WhiteElo "2762"]
[BlackElo "2514"]
[TimeControl "180+1"]
[EndTime "14:55:40 PDT"]
[Termination "pedromartinez91 won by resignation"]

1. d4 Nf6 2. Bf4 e6 3. e3 c5 4. c3 b6 5. h3 Be7 6. Nf3 O-O 7. a4 Ba6 8. Bb5 Qc8 9. Qe2 cxd4 10. exd4 d6 11. O-O Bb7 12. Nbd2 Bc6 13. Rfe1 Qb7 14. a5 bxa5 15. Rxa5 a6 16. Bd3 Qxb2 17. Nc4 Qxe2 18. Bxe2 Nd5 19. Bd2 Bb5 20. Raa1 Nc6 21. Reb1 Rab8 22.
Bf1 h6 23. Ne1 Rfc8 24. Nc2 Nd8 25. N2a3 Bd7 26. Rxb8 Rxb8 27. Na5 Nc6 28. c4 Nxa5 29. Bxa5 Nb4 30. Bc7 Rb7 31. Ba5 Rb8 32. g4 Nc6 33.
Bc3 Bf6 34. Nc2 Rb3 35. Be1 Nxd4 36. Nxd4 Bxd4 37. Rxa6 Rb1 38. Rxd6 Rxe1 39. Rxd4 Bc6 40. Rd6 Bf3 41. Rd3 Be2 42. Re3 Rxf1+ 43. Kg2 Re1 44.
c5 Bf1+ 45. Kf3 Rxe3+ 46. Kxe3 Bb5 47. Kd4 Bc6 48. Ke5 Kf8 49. Kd6 Bd5 50. f4 g5 51. f5 Ke8 52. f6 Kf8 53. c6 Bxc6 54. Kxc6 Kg8 55. Kd6 Kh7 56. h4 gxh4 57. g5 hxg5 0-1

[Event "Late-Titled-Tuesday-Blitz-August-29-2023"]
[Site "Chess.com"]
[Date "2023.08.29"]
[Round "5"]
[White "tteshan"]
[Black "GiorgianBarbosa"]
[Result "1-0"]
[WhiteElo "2566"]
[BlackElo "2422"]
[TimeControl "180+1"]
[EndTime "14:55:40 PDT"]
[Termination "tteshan won by checkmate"]

1. e4 c5 2. c3 g6 3. d4 cxd4 4.
cxd4 d5 5. e5 Bg7 6. Nc3 Nc6 7.
Be3 Nh6 8. Qb3 Nf5 9. Nf3 Nxe3 10. fxe3 Bg4 11. Qxd5 O-O 12. Qxd8 Rfxd8 13. Be2 Nb4 14. Kf2 f6 15. exf6 exf6 16. a3 Nc6 17. Rac1 Bh6 18. h3 Be6 19. d5 Bd7 20. dxc6 Bxc6 21.
Bc4+ Kh8 22. Rcd1 Re8 23. Rd3 a6 24. Rhd1 Bf8 25. Bd5 Bc5 26. Bxc6 bxc6 27. Nd4 Rab8 28. b4 Bb6 29. Nxc6 Rbc8 30. Nd4 f5 31. Nce2 Re4 32. Rc1 Rce8 33. Rc6 Ba7 34. Rxa6 Bb8 35. Rc6 Ba7 36. b5 f4 37. Nxf4 Rf8 38. Kf3 Ree8 39. h4 Bb8 40. b6 h6 41. Rxg6 Kh7 42. Rc6 Rf7 43. g4 Ref8 44. Ne6 Re8 45. g5 hxg5 46. hxg5 Kg8 47.
g6 Rf6 48. b7 Bxf4 49. exf4 Rfxe6 50. Rxe6 Rxe6 51. b8=Q+ Kg7 52. Rd7+ Kf6 53. Qf8+ Kxg6 54. f5+ Kh5 55. fxe6 Kh4 56. Rg7 Kh3 57. Qh8# 1-0

[Event "Late-Titled-Tuesday-Blitz-August-29-2023"]
[Site "Chess.com"]
[Date "2023.08.29"]
[Round "5"]
[White "dretch"]
[Black "js20000"]
[Result "1-0"]
[WhiteElo "2903"]
[BlackElo "2640"]
[TimeControl "180+1"]
[EndTime "14:55:41 PDT"]
[Termination "dretch won by resignation"]

1. d4 Nc6 2. Nf3 Nf6 3. c4 e6 4. Nc3 Bb4 5. Qc2 O-O 6. e4 d6 7.
Bd3 e5 8. d5 Nd4 9. Nxd4 exd4 10. a3 Ba5 11. b4 Bb6 12. Na4 c5 13. bxc5 Bxc5 14. Nxc5 Qa5+ 15. Bd2 Qxc5 16. O-O Re8 17. Rfe1 Bd7 18. h3 Rac8 19. Qb2 b6 20. Bb4 Qc7 21. Qxd4 Nh5 22. Be2 Nf4 23. Bf1 f6 24. Bd2 Ng6 25.
a4 Ne5 26. Rec1 Qc5 27. Qxc5 dxc5 28. a5 Nf7 29. axb6 axb6 30. f3 f5 31. exf5 Bxf5 32. Ra6 Rb8 33. Bf4 Rb7 34. Rca1 g5 35. Ra8 Rxa8 36. Rxa8+ Kg7 37. Bd2 h6 38. Bc3+ Kh7 39. Kf2 Bg6 40. Be2 Bf5 41. g4 Bg6 42. Bf1 Bc2 43.
Kg3 Bg6 44. h4 gxh4+ 45. Kxh4 Bc2 46. Kg3 Bb1 47. f4 Nd6 48. Be5 Ne4+ 49. Kh4 Nd2 50. Be2 Kg6 51. Rg8+ Kh7 52. Rh8+ Kg6 53. f5+ Bxf5 54.
gxf5+ Kxf5 55. Bg3 Re7 56. Bd3+ Kf6 57. Rxh6+ Kg7 58. Rh7+ Kf6 59. Rxe7 Kxe7 60. Kg4 Nb3 61. Kf5 Nd4+ 62. Ke4 Kd7 63. Bf1 Nb3 64. Bh3+ Kd8 65.
Bf4 Na5 66. Bf1 Nb7 67. d6 Kd7 68. Kd5 Ke8 69. Bh3 1-0